Map: Neon Violet Square LE

Players

lllllllllll - Winner!

  • Race: Zerg Zerg
  • League: Grandmaster
  • Spawn Location: 11:00

NORTHAMERICA

  • Race: Protoss Protoss
  • League: Grandmaster
  • Spawn Location: 5:00

VOD

Have the link to the VOD?

Description

Time

  • Played on: April 12, 2018, 12:12 a.m.
  • Length: 17:59
Show
View Real Time Build Order
Export as new Build Order

lllllllllll Zerg - Winner!

Build Orders: Hatch First, Muta Ling Bane 

Get SALT Encoding   

  12  0:00  Drone  
  13  0:10  Drone  
  14  0:17  Overlord  
  14  0:24  Extractor  
  14  0:25  Drone  
  15  0:36  Drone  
  16  0:51  Hatchery  
  16  0:53  Drone  
  16  0:57  Drone  
  16  1:00  Drone  
  18  1:11  Extractor  
  18  1:15  Spawning Pool  
  16  1:19  Drone  
  16  1:22  Drone  
  18  1:27  Drone  
  19  1:39  Drone  
  20  1:48  Drone  
  21  2:03  Queen x2  
  21  2:04  Zergling x2  
  21  2:05  Overlord  
  26  2:11  Drone  
  26  2:12  Metabolic Boost  
  27  2:16  Drone  
  28  2:26  Drone x2  
  30  2:37  Hatchery  
  29  2:46  Queen  
  29  2:47  Drone  
  29  2:48  Drone  
  33  2:52  Overlord  
  33  2:56  Drone  
  33  2:57  Drone  
  35  3:00  Drone  
  36  3:12  Drone x4  
  40  3:13  Drone x2  
  40  3:17  Drone  
  40  3:18  Drone  
  44  3:21  Overlord  
  44  3:24  Overlord  
  44  3:38  Lair  
  44  3:42  Extractor, Roach Warren  
  44  3:43  Drone x4  
  44  3:46  Drone x2  
  48  3:48  Extractor  
  48  3:50  Drone x2  
  48  3:53  Drone  
  48  3:55  Overlord  
  50  3:57  Drone  
  50  4:02  Drone x2  
  53  4:04  Drone  
  54  4:12  Overlord  
  54  4:14  Drone  
  54  4:17  Drone  
  56  4:19  Extractor  
  56  4:24  Roach x5  
  65  4:28  Drone  
  66  4:33  Drone x2  
  66  4:35  Drone  
  66  4:36  Roach x2  
  73  4:40  Overseer  
  73  4:41  Glial Reconstitution  
  73  4:42  Overlord  
  73  4:44  Drone  
  74  4:54  Overlord  
  74  4:59  Overlord  
  74  5:02  Roach x3  
  74  5:03  Roach  
  81  5:23  Overlord  
  81  5:25  Drone x2  
  79  5:29  Queen  
  81  5:36  Evolution Chamber  
  81  5:37  Spire  
  81  5:38  Roach x7  
  81  5:42  Drone x5  
  98  5:47  Overseer  
  98  5:51  Overlord  
  98  5:55  Overlord  
  98  5:57  Extractor  
  97  6:09  Overlord, Queen  
  99  6:15  Drone x3  
  99  6:16  Drone x3  
  99  6:17  Drone  
  106  6:21  Zerg Melee Weapons Level 1  
  106  6:23  Extractor  
  106  6:24  Drone x3  
  108  6:27  Roach, Zergling x6  
  113  6:44  Drone  
  114  6:50  Mutalisk x4  
  114  6:53  Overlord  
  121  6:57  Overlord x3  
  121  7:05  Hatchery  
  121  7:07  Overlord  
  117  7:10  Overlord  
  117  7:16  Overlord  
  117  7:17  Mutalisk  
  117  7:18  Hatchery, Mutalisk x2  
  117  7:20  Drone x2  
  124  7:25  Overlord  
  124  7:26  Drone  
  125  7:30  Roach x2, Zergling x2  
  125  7:31  Zergling x10  
  135  7:43  Zergling x10  
  140  7:48  Zergling x8  
  144  7:57  Drone x2  
  146  7:59  Baneling Nest  
  146  8:01  Ravager  
  146  8:02  Ravager x2  
  146  8:04  Zerg Flyer Weapons Level 1, Mutalisk  
  146  8:05  Mutalisk x3  
  154  8:08  Queen  
  158  8:14  Mutalisk x3  
  158  8:15  Mutalisk  
  166  8:24  Overlord  
  166  8:25  Zerg Melee Weapons Level 2  
  164  8:30  Overlord  
  164  8:31  Mutalisk  
  164  8:32  Mutalisk  
  168  8:35  Drone x2  
  168  8:36  Drone x2  
  168  8:37  Drone x3, Extractor  
  174  8:44  Centrifical Hooks  
  174  8:45  Baneling  
  174  8:46  Baneling  
  174  8:55  Baneling x6  
  174  9:07  Drone x3  
  174  9:09  Zergling x16, Drone  
  189  9:10  Zergling x24  
  188  9:18  Queen  
  188  9:21  Drone x5  
  191  9:28  Spore Crawler  
  191  9:29  Spore Crawler  
  191  9:30  Spine Crawler  
  191  9:31  Drone x4  
  190  9:35  Zergling x2  
  190  9:36  Zergling x10, Spine Crawler  
  197  9:49  Baneling x18  
  197  9:50  Baneling x16  
  197  9:51  Baneling  
  197  9:59  Baneling x5  
  197  10:13  Zergling x6  
  185  10:22  Zergling x2  
  185  10:28  Corruptor x4  
  160  10:34  Drone  
  158  10:39  Zergling x36  
  158  10:40  Zergling x8  
  179  10:48  Drone x4  
  174  10:59  Baneling x7  
  174  11:02  Baneling  
  174  11:03  Baneling x11  
  174  11:04  Hatchery  
  172  11:15  Zergling x22  
  181  11:20  Infestation Pit, Zerg Ground Armor Level 1  
  176  11:33  Overseer, Baneling x3  
  159  11:56  Corruptor, Hive  
  159  11:57  Corruptor x3  
  159  11:59  Overseer  
  166  12:08  Pneumatized Carapace  
  166  12:09  Zergling x4  
  166  12:10  Zergling x10  
  166  12:12  Overlord x4  
  173  12:17  Baneling x7  
  173  12:18  Baneling  
  173  12:20  Drone  
  173  12:21  Drone x2  
  176  12:27  Drone x2  
  176  12:29  Drone  
  179  12:30  Overlord  
  179  12:33  Zergling x2  
  179  12:34  Zergling x34  
  197  12:43  Corruptor x3  
  193  12:46  Zerg Flyer Armor Level 1  
  197  12:55  Drone  
  197  12:56  Drone  
  197  12:57  Spore Crawler  
  198  12:59  Extractor  
  198  13:04  Baneling x4  
  198  13:05  Baneling x11  
  197  13:08  Zergling x4  
  199  13:16  Evolution Chamber  
  196  13:28  Adrenal Glands  
  196  13:31  Zerg Melee Weapons Level 3  
  196  13:35  Zergling x6  
  197  13:44  Spine Crawler  
  197  13:45  Spine Crawler  
  183  13:56  Zergling x22  
  183  13:57  Zergling x6  
  183  13:59  Zerg Ground Armor Level 2  
  183  14:02  Ultralisk Cavern  
  196  14:09  Zergling x8  
  200  14:14  Extractor  
  199  14:24  Zergling x2  
  197  14:50  Chitinous Plating  
  197  14:51  Ultralisk  
  197  14:52  Zergling x10  
  199  14:54  Baneling x5  
  188  15:06  Baneling  
  185  15:09  Zerg Flyer Armor Level 2  
  178  15:18  Zergling x6  
  179  15:24  Spine Crawler  
  178  15:29  Overlord x3  
  178  15:45  Baneling x4  
  178  15:46  Baneling  
  178  15:51  Zergling x30, Drone  
  178  15:52  Zergling x10  
  199  16:08  Spore Crawler  
  199  16:09  Drone  
  197  16:14  Spore Crawler  
  197  16:15  Spore Crawler  
  197  16:16  Corruptor x3  
  198  16:29  Corruptor  
  198  16:36  Overseer  
  198  16:40  Zergling x2  
  198  16:43  Baneling x6  
  188  16:55  Corruptor  
  188  16:56  Corruptor x8  
  188  17:01  Corruptor, Zergling x2  
  188  17:02  Corruptor x3  
  181  17:09  Overlord  
  181  17:10  Overlord x2  
  181  17:11  Overseer x3  
  170  17:20  Overlord  
  170  17:21  Overlord x7  
  151  17:32  Zergling x26  
  151  17:33  Zergling x26  
  151  17:35  Overlord x5  
Show
View Real Time Build Order
Export as new Build Order

NORTHAMERICA Protoss 

Build Orders: Nexus First, Dark Templar Rush 

Get SALT Encoding   

  12  0:01  Probe  
  13  0:13  Probe  
  14  0:21  Pylon  
  14  0:25  Probe  
  15  0:39  Probe (Chrono Boost)  
  16  0:49  Probe (Chrono Boost)  
  17  0:54  Probe (Chrono Boost)  
  18  1:03  Nexus  
  18  1:13  Gateway  
  18  1:16  Probe (Chrono Boost)  
  19  1:25  Assimilator, Probe (Chrono Boost)  
  20  1:30  Probe (Chrono Boost)  
  21  1:33  Assimilator  
  21  1:42  Probe  
  22  1:54  Probe (Chrono Boost)  
  22  2:01  Cybernetics Core  
  23  2:13  Pylon  
  25  2:17  Probe x2 (Chrono Boost)  
  25  2:24  Probe (Chrono Boost)  
  25  2:25  Zealot  
  25  2:26  Probe (Chrono Boost)  
  25  2:29  Probe (Chrono Boost)  
  28  2:34  Probe  
  30  2:38  Warp Gate  
  30  2:41  Probe  
  30  2:43  Twilight Council  
  31  2:46  Probe  
  32  2:53  Stalker (Chrono Boost), Probe  
  35  2:59  Probe  
  36  3:05  Probe  
  36  3:11  Robotics Facility, Probe  
  38  3:18  Probe  
  39  3:23  Probe  
  39  3:25  Dark Shrine  
  40  3:30  Probe  
  41  3:35  Probe  
  41  3:40  Gateway  
  41  3:41  Gateway  
  42  3:42  Gateway  
  42  3:47  Assimilator  
  42  3:51  Pylon, Assimilator, Probe  
  42  3:52  Probe  
  44  3:56  Warp Prism (Chrono Boost)  
  46  4:06  Pylon  
  46  4:08  Pylon  
  46  4:10  Probe  
  46  4:11  Probe  
  48  4:22  Warp Prism (Chrono Boost), Probe  
  48  4:23  Probe  
  52  4:34  Probe  
  52  4:35  Probe  
  54  4:46  Dark Templar x4, Probe  
  54  4:49  Probe  
  64  4:59  Pylon  
  64  5:17  Probe  
  64  5:20  Probe  
  66  5:21  Nexus  
  66  5:25  Forge  
  64  5:32  Dark Templar x4  
  64  5:35  Observer (Chrono Boost)  
  73  5:41  Gateway  
  73  5:43  Gateway  
  73  5:48  Probe  
  74  5:50  Immortal  
  74  5:52  Charge  
  78  6:07  Probe x2  
  78  6:15  Protoss Ground Weapons Level 1 (Chrono Boost)  
  78  6:21  Photon Cannon, Shield Battery  
  78  6:24  Pylon  
  78  6:25  Pylon  
  78  6:30  Immortal (Chrono Boost)  
  78  6:33  Probe x2  
  78  6:35  Probe  
  78  6:36  Stalker, Robotics Facility  
  78  6:38  Pylon  
  87  6:45  Probe  
  88  6:56  Probe  
  88  7:00  Immortal (Chrono Boost)  
  91  7:06  Probe  
  91  7:08  Probe  
  87  7:10  Probe  
  87  7:11  Assimilator  
  88  7:17  Assimilator, Templar Archives  
  88  7:18  Zealot x2, Probe  
  88  7:19  Zealot x3  
  88  7:20  Gateway  
  99  7:25  Photon Cannon  
  99  7:27  Shield Battery  
  99  7:28  Photon Cannon  
  97  7:39  Stargate  
  97  7:40  Stargate  
  97  7:48  Photon Cannon  
  97  7:49  Shield Battery  
  97  7:52  Stalker x2  
  97  7:57  Photon Cannon  
  101  7:58  Dark Templar  
  101  7:59  Dark Templar  
  105  8:05  Archon  
  105  8:10  Pylon  
  104  8:15  Stalker  
  104  8:16  Stalker x3  
  111  8:22  Phoenix x2 (Chrono Boost)  
  111  8:25  Probe  
  114  8:35  Fleet Beacon  
  114  8:43  Phoenix x2 (Chrono Boost)  
  118  8:51  Nexus  
  118  8:53  Pylon  
  117  9:05  Phoenix x2 (Chrono Boost), Probe  
  122  9:11  Immortal  
  126  9:17  Probe  
  126  9:24  Anion Pulse-Crystals (Chrono Boost), Probe (Chrono Boost)  
  126  9:26  Mothership (Chrono Boost)  
  126  9:27  Probe (Chrono Boost)  
  133  9:46  Pylon  
  133  9:47  Pylon  
  133  9:48  Photon Cannon  
  133  9:58  Photon Cannon  
  133  10:01  Photon Cannon, Shield Battery  
  133  10:02  Phoenix  
  133  10:05  Photon Cannon  
  135  10:07  Dark Templar x2  
  139  10:15  Zealot x4  
  125  10:21  Zealot  
  123  10:36  Pylon  
  123  10:46  Probe (Chrono Boost)  
  123  10:47  Psionic Storm  
  122  10:50  Assimilator  
  122  10:52  Phoenix (Chrono Boost)  
  122  10:57  Pylon  
  122  11:02  Nexus  
  122  11:03  High Templar x3  
  122  11:04  High Templar  
  130  11:10  Phoenix (Chrono Boost)  
  134  11:20  Photon Cannon  
  134  11:22  Phoenix (Chrono Boost)  
  134  11:23  Photon Cannon  
  134  11:25  High Templar  
  98  11:32  Protoss Air Weapons Level 1 (Chrono Boost), Phoenix  
  138  11:43  Zealot x2  
  122  11:54  Probe (Chrono Boost)  
  122  11:55  Probe (Chrono Boost)  
  122  11:56  Probe (Chrono Boost)  
  125  12:05  Phoenix  
  125  12:06  Probe (Chrono Boost)  
  125  12:08  Probe (Chrono Boost)  
  128  12:11  Phoenix  
  128  12:13  Probe (Chrono Boost)  
  128  12:15  Probe (Chrono Boost)  
  132  12:16  Probe (Chrono Boost)  
  132  12:18  Probe (Chrono Boost)  
  132  12:20  Probe (Chrono Boost)  
  136  12:26  Probe  
  136  12:27  High Templar x2  
  136  12:28  Zealot  
  143  12:34  Archon, Probe  
  144  12:42  Void Ray x2 (Chrono Boost)  
  144  12:49  Stargate  
  152  12:51  Assimilator  
  152  12:52  Probe  
  152  12:54  Assimilator  
  153  13:01  Zealot x2  
  153  13:02  Zealot x3  
  163  13:09  High Templar  
  165  13:30  Carrier (Chrono Boost)  
  165  13:31  Shield Battery x2  
  165  13:35  Carrier (Chrono Boost)  
  165  13:37  Pylon  
  167  13:41  Pylon  
  167  13:42  Pylon  
  167  13:44  Graviton Catapult  
  167  13:55  Protoss Air Weapons Level 2 (Chrono Boost)  
  167  14:05  Carrier (Chrono Boost)  
  167  14:07  High Templar x3  
  179  14:14  Archon  
  179  14:15  Zealot  
  181  14:19  Dark Templar  
  183  14:37  Zealot x3  
  187  14:39  Carrier (Chrono Boost)  
  187  14:50  Zealot  
  187  14:51  Zealot x2  
  177  15:03  Probe  
  178  15:08  Zealot x3  
  184  15:19  Carrier (Chrono Boost)  
  184  15:26  Probe x2  
  184  15:27  Probe  
  193  15:40  High Templar  
  195  15:44  Pylon  
  195  15:51  Observer (Chrono Boost)  
  196  16:04  Zealot x2  
  198  16:13  Zealot  
  200  16:20  Probe  
  188  16:33  Dark Templar  
  188  16:41  Pylon  
  168  17:01  Dark Templar x6  
  148  17:05  Probe  
  143  17:11  Archon  
  135  17:18  Photon Cannon  
  123  17:35  Zealot x6  
Tags
 
Add a new tag
Caveats
  • Supply blocks, unpowered buildings, or Contaminate may cause inaccurate times.
  • Supply counts are checked every 10 seconds.